 Dungeon Crawl Stone Soup version 0.19.0-22-gd96e5fe (webtiles) character file.

35 vev the Ducker (level 3, -7/27 HPs)
             Began as a Vampire Gladiator on Nov 19, 2016.
             Mangled by Crazy Yiuf
             ... wielding a +3 quarterstaff of chaos
              (24 damage)
             ... on level 2 of the Dungeon.
             The game lasted 00:01:19 (1508 turns).

vev the Ducker (Vampire Gladiator)                  Turns: 1508, Time: 00:01:19

Health: -7/27      AC:  6    Str: 15    XL:     3   Next: 16%
Magic:  3/3        EV: 12    Int: 10    God:
Gold:   67         SH:  0    Dex: 14    Spells: 0 memorised, 2 levels left

rFire  . . .     SeeInvis +     h - +1 dagger (venom)
rCold  + + .     Gourm    .     j - +0 ring mail
rNeg   + + .     Faith    .     (no shield)
rPois  +         Spirit   .     m - +0 helmet
rElec  .         Reflect  .     (no cloak)
rCorr  .         Harm     .     (no gloves)
MR     .....                    (no boots)
Stlth  ++........               (no amulet)
                                (no ring)
                                l - ring of protection from cold

@: very slightly contaminated, regenerating slowly, hasted, very quick
A: fangs 3, see invisible, unbreathing
a: Bat Form


You were on level 2 of the Dungeon.
You were very thirsty.

You visited 1 branch of the dungeon, and saw 2 of its levels.

You collected 67 gold pieces.

Inventory:

Hand Weapons
 a - a +0 war axe
 h - a +1 dagger of venom (weapon)
Missiles
 d - 3 throwing nets (quivered)
Armour
 b - a +0 leather armour
 c - a +0 helmet
 j - a +0 ring mail (worn)
 m - a +0 helmet (worn)
Jewellery
 l - a ring of protection from cold (left hand)
Scrolls
 i - 2 scrolls of enchant weapon {unknown}
 k - 3 scrolls of remove curse {unknown}
 n - 2 scrolls of magic mapping {unknown}
 o - a scroll of blinking {unknown}
 p - 2 scrolls of identify {unknown}
 s - 2 scrolls of random uselessness {unknown}
Potions
 e - 18 potions of blood
 f - a potion of curing {unknown}
 g - a potion of haste
 q - a potion of lignification {unknown}
 r - a potion of might {unknown}


   Skills:
 + Level 2.0 Fighting
 * Level 3.3 Axes
 - Level 1.5 Throwing
 + Level 0.5 Armour
 + Level 3.6 Dodging


You had 2 spell levels left.
You didn't know any spells.

Dungeon Overview and Level Annotations

Branches:
Dungeon (2/15)

Altars:
Okawaru

Annotations:
D:2 Crazy Yiuf


Innate Abilities, Weirdness & Mutations

You heal slowly.
You have razor-sharp teeth.
You have supernaturally acute eyesight. (SInv)
You can survive without breathing.


Message History

You kill the bat!
No target in view!
No target in view!
No target in view!
You see here a mace.
You see here a mace.
You open the door.
Crazy Yiuf the Enlightened comes into view.
He is wielding a quarterstaff of chaos.
Found a mace.
It was a potion of haste.
You feel yourself speed up.
You are very lightly contaminated with residual magic.
Okay, then.
Crazy Yiuf cries, "Nubble arga rumpyflump!"
There is an open door here.
You closely miss Crazy Yiuf. Your bite misses Crazy Yiuf.
Crazy Yiuf cries, "Mugger forty-two action!"
Crazy Yiuf hits you with a quarterstaff of chaos!
Space warps horribly around you!
Ouch! That really hurt!
You die...

## #..# #.#
#.####..##############.#######
#.............................
#..#################..........
#.##..## ###.####### #.##...#
#.#...... ...#..###♣♣ ####
#........ #..#..)...♣♣ ♣♣#..)#
###.#####
#..##......♣♣♣♣.@g..# #...#
#...#..)..).♣..♣#...# #. #...#
#...#.#..).♣.♣♣♣ #### #.##...#
......###♣♣♣♣♣ #.###.##
.......# #># #.# #...#.## ###
#########.###.#####
#.....####.##
#..................
#...........#
..#...##.#.....###
###...###...# ........'.....#


You could see Crazy Yiuf.

Vanquished Creatures
  A dart slug (D:1)
  2 leopard geckos (D:1)
  A giant cockroach (D:1)
  4 goblins (D:1)
  3 hobgoblins (D:1)
  3 bats
  4 frilled lizards (D:1)
  10 kobolds (D:1)
  A rat (D:1)
29 creatures vanquished.

Notes
Turn   | Place    | Note
-------+----------+-------------------------------------------
     0 | D:1      | vev the Vampire Gladiator began the quest for the Orb.
     0 | D:1      | Reached XP level 1. HP: 16/16 MP: 1/1
   112 | D:1      | Reached skill level 3 in Axes
   232 | D:1      | Reached XP level 2. HP: 9/22 MP: 2/2
   800 | D:1      | Reached skill level 2 in Fighting
  1066 | D:1      | Reached XP level 3. HP: 27/27 MP: 3/3
  1346 | D:2      | Found an iron altar of Okawaru.
  1423 | D:2      | Found a runed door.
  1505 | D:2      | Noticed Crazy Yiuf
  1508 | D:2      | Mangled by Crazy Yiuf

Skill      XL: |  1  2 |
---------------+-------+-----
Axes           | 3 |  3.3
Fighting       | 2 |  2.0
Throwing       | |  1.5
Armour         | |  0.5
Dodging        | |  3.6

Action                   || total
-------------------------++-------
Melee: War axe           ||    16
       Dagger            ||    67
       Bite              ||     6
  Use: Potion            ||     1
 Stab: Sleeping          ||     1
Armor: Ring mail         ||    20
       Leather armour    ||     1
Dodge: Dodged            ||    53
